 Dungeon Crawl Stone Soup version 0.30-a0-1053-gbd8d5ba0ad (webtiles) character file.

Game seed: 3758225482371130089

8628 Zeldest the Martial Artist (level 11, -18/68 HPs)
             Began as a Tengu Transmuter on Apr 12, 2023.
             Was a Believer of Uskayaw.
             Demolished by Snorg (23 damage)
             ... on level 10 of the Dungeon.
             The game lasted 00:19:47 (9633 turns).

Zeldest the Martial Artist (Tengu Transmuter)       Turns: 9633, Time: 00:19:48

Health: -18/68     AC:  9    Str: 13    XL:     11   Next: 33%
Magic:  7/17       EV: 12    Int: 15    God:    Uskayaw [**....]
Gold:   629        SH:  0    Dex: 15    Spells: 7/14 levels left

rFire   x x .      SeeInvis .      - Unarmed
rCold   + + +      Faith    .    (shield currently unavailable)
rNeg    . . .      Spirit   .    I - melded +2 robe {Will+}
rPois   +          Reflect  .    (helmet currently unavailable)
rElec   .          Rampage  .    c - melded +0 cloak
rCorr   .                        q - melded +0 pair of gloves
Will    .....                    (boots unavailable)
Stlth   +                        k - amulet of the acrobat
HPRegen 0.31/turn                J - ring of ice
MPRegen 0.15/turn                F - ring of wizardry

@: ice-form, wereblooded, flying quickly and evasively, invisible, quick
A: freezing attack, flying, boosted hp, large, (beak), (talons 3), nimble flight
a: End Transformation, Renounce Religion, Stomp, Line Pass


You were on level 10 of the Dungeon.
You worshipped Uskayaw.
Uskayaw was noncommittal.
You were a creature of crystalline ice.
You visited 2 branches of the dungeon, and saw 12 of its levels.
You also visited: Sewer.

You collected 629 gold pieces.

Inventory:

Missiles
 x - 3 curare-tipped darts
 A - 2 throwing nets
Armour
 c - a +0 cloak (melded)
 q - a +0 pair of gloves (melded)
 I - a +2 robe of willpower (melded)
Jewellery
 f - a ring of positive energy
 k - an amulet of the acrobat (around neck)
 F - a ring of wizardry (right front paw)
 J - a ring of ice (left front paw)
Wands
 g - a wand of iceblast (6)
 C - a wand of paralysis (11)
 D - a wand of polymorph (15)
 E - a wand of quicksilver (8)
 K - a wand of flame (11)
Scrolls
 d - 6 scrolls of teleportation
 j - a scroll of amnesia
 m - 3 scrolls of poison
 o - 2 scrolls of brand weapon {unknown}
 p - a scroll of enchant armour {unknown}
 r - a scroll of summoning {unknown}
 s - a scroll of blinking {unknown}
 B - 2 scrolls of vulnerability {unknown}
 G - a scroll of enchant weapon {unknown}
 H - a scroll of identify
Potions
 a - a potion of attraction {unknown}
 b - 3 potions of lignification
 e - 3 potions of curing
 i - a potion of invisibility
 l - 2 potions of resistance
 n - 3 potions of brilliance
 t - 2 potions of might
 u - 2 potions of cancellation
 v - 2 potions of magic
 w - 5 potions of haste
 z - 5 potions of mutation {unknown}
Miscellaneous
 y - a condenser vane (inert)


   Skills:
 - Level 2.0 Fighting
 - Level 2.1 Dodging
 + Level 10.2 Unarmed Combat
 - Level 2.0 Spellcasting
 + Level 7.6 Transmutations
 + Level 7.8 Ice Magic
 + Level 7.5 Invocations


You had 7 spell levels left.
You knew the following spells:

 Your Spells              Type           Power      Damage    Failure   Level
a - Ice Form              Ice/Tmut       37%        N/A       4%          4
b - Wereblood             Tmut           24%        N/A       1%          2
c - Beastly Appendage     Tmut           48%        N/A       1%          1

Your spell library contained the following spells:

 Spells                   Type           Power      Damage    Failure   Level
 Ensorcelled Hibernation  Hex/Ice        38%        N/A       2%          2
 Passwall                 Tmut/Erth      10%        N/A       2%          2
 Spider Form              Tmut/Pois      12%        N/A       6%          3
 Sandblast                Erth           2%         2d4       9%          1
 Ignite Poison            Fire/Tmut/Pois 9%         N/A       10%         3
 Dazzling Flash           Conj/Hex       2%         N/A       26%         3
 Stone Arrow              Conj/Erth      2%         3d7       26%         3
 Tukima's Dance           Hex            1%         N/A       26%         3
 Volatile Blastmotes      Fire/Tloc      2%         2d10      26%         3
 Yara's Violent Unravell  Hex/Tmut       6%         3d5       45%         5
 Anguish                  Hex/Necr       0%         N/A       61%         4
 Fulminant Prism          Conj/Hex       0%         3d5       61%         4
 Iskenderun's Mystic Bla  Conj/Tloc      1%         2d3       61%         4
 Sticky Flame             Conj/Fire      1%         2d3       61%         4
 Lee's Rapid Deconstruct  Erth           0%         3d4*      91%         5
 Ignition                 Fire           0%         3d3       100%        8


Dungeon Overview and Level Annotations

Branches:
Dungeon (11/15) Zot: 25714  Temple (1/1) D:4 Zot: 5820    Lair (0/5) D:9
    Orc (0/2) D:9           Sewer (visited)

Altars:
Ashenzari
Cheibriados
Dithmenos
Elyvilon
Fedhas
Gozag
Hepliaklqana
Kikubaaqudgha
Makhleb
Nemelex Xobeh
Okawaru
Qazlal
Ru
Sif Muna
Trog
Uskayaw
Vehumet
Wu Jian
Xom
Yredelemnul
Zin
The Shining One

Shops:
D:7 =

Annotations:
D:10 Snorg


Innate Abilities, Weirdness & Mutations

You are a creature of crystalline ice.
You have a powerful freezing melee attack.
You are flying.
Your maximum health is increased.
Your armour is entirely melded.
You are incapable of wielding weapons or throwing items.
((You have a beak for a mouth.))
((You have claws for feet.))
Your magical nature lets you fly swiftly and evasively.


Message History

You fade into invisibility!
Snorg seems less confused.
The kobold throws a stone.
The stone hits Snorg.
The kobold hits you but does no damage.
The kobold barely misses the kobold.
You feel better.
The kobold seems less confused.
Aiming: Quicksilver Bolt
Press: ? - help, Shift-Dir - straight line, f - kobold brigand
Aim: a kobold brigand, wielding a +0 short sword and quivering poisoned darts (unable to see you, 64% to hit)
The bolt of dispelling energy hits Snorg!
Snorg is severely wounded.
The bolt of dispelling energy misses the kobold.
The bolt of dispelling energy hits the kobold!
You kill the kobold!
The bolt of dispelling energy hits the kobold brigand!
The kobold brigand is heavily wounded.
Snorg closely misses you. Snorg barely misses you. Snorg claws you.
* * * LOW HITPOINT WARNING * * *
The kobold throws a stone.
The stone hits Snorg.
You can now pass through a line of other dancers.
Aiming: Quicksilver Bolt
Press: ? - help, Shift-Dir - straight line, f/p - kobold brigand
Aim: a kobold brigand, wielding a +0 short sword and quivering poisoned darts (heavily wounded, unable to see you, 64% to hit)
The bolt of dispelling energy misses Snorg.
The bolt of dispelling energy misses the kobold.
The bolt of dispelling energy hits the kobold brigand!
The kobold brigand is almost dead.
Snorg barely misses you.
Snorg closely misses you. x3; Snorg claws you!
* * * LOW HITPOINT WARNING * * *
Snorg barely misses you.
Aiming: Quicksilver Bolt
Press: ? - help, Shift-Dir - straight line, f/p - kobold brigand
Aim: a kobold brigand, wielding a +0 short sword and quivering poisoned darts (almost dead, unable to see you, 64% to hit)
Okay, then.
You feel better. Snorg barely misses you. Snorg misses you.
Snorg claws you but does no damage.
Okay, then.
Okay, then.
You feel better.
Snorg closely misses you. x2; Snorg claws you!
* * * LOW HITPOINT WARNING * * *
Snorg bites you!!
You die...

##.# ####.#### ...#
#...# .u #### ###.# .#
#.# .# # #.# #######.##
# #.# #.. .. ..# .# ##
#.# #.##.##..# ..#
##...##.###.##K#...####
..+
............YTK)......+
..#
##...#...##.##K..$.####
.## ##.........###.#..#
## ............ .....#
# #.##.......####.####
# ###>..### #. #...# #.
##### #.


You could see Snorg (berserk, unable to see you), a kobold brigand (unable to
see you) and 2 kobolds.

Vanquished Creatures
  Pikel (D:4)
  Psyche (D:10)
  A troll (D:9)
  3 hornets
  14 yaks
  A shadow (D:9)
  A wyvern (D:9)
  Sigmund (D:6)
  A steam dragon (D:6)
  Menkaure (D:4)
  3 water moccasins
  An orc warrior (D:9)
  A sky beast (D:6)
  2 black bears (D:5)
  4 ice beasts
  6 ogres
  3 centaurs
  A phantom (D:7)
  3 lemures (D:4)
  11 kobold brigands
  5 bullfrogs
  5 gnoll sergeants
  A scorpion (D:5)
  5 howler monkeys
  7 hounds
  A quasit (D:4)
  An iguana (D:5)
  2 gnoll boudas (D:7)
  4 sleepcaps
  2 orc wizards (D:9)
  8 gnolls
  2 river rats (D:6)
  11 adders
  A shadow imp (D:4)
  5 white imps
  5 ufetubi
  A worm (D:5)
  18 orcs
  12 ball pythons
  3 bats
  8 endoplasms
  5 giant cockroaches
  10 goblins
  12 hobgoblins
  15 jackals
  2 quokkas
  3 frilled lizards
  34 kobolds
  18 rats
266 creatures vanquished.

Vanquished Creatures (others)
  A gnoll (D:9)
  2 demonic plants (D:4)
  A fungus (Sewer)
  A plant (Sewer)
5 creatures vanquished.

Grand Total: 271 creatures vanquished

Notes
Turn   | Place    | Note
-------+----------+-------------------------------------------
     0 | D:1      | Zeldest the Tengu Transmuter began the quest for the Orb.
     0 | D:1      | Reached XP level 1. HP: 12/12 MP: 4/4
   156 | D:1      | Reached XP level 2. HP: 13/16 MP: 6/6
   171 | D:1      | Learned a level 2 spell: Wereblood
   526 | D:1      | Reached XP level 3. HP: 21/21 MP: 7/7
  1079 | D:2      | Reached skill level 4 in Unarmed Combat
  1289 | D:2      | Reached XP level 4. HP: 26/26 MP: 8/8
  1507 | D:2      | Reached skill level 1 in Ice Magic
  1958 | D:3      | Gained mutation: Your magical nature lets you fly swiftly
                  | and evasively. [Tengu growth]
  1958 | D:3      | Reached XP level 5. HP: 20/30 MP: 9/9
  2392 | D:4      | Found a staircase to the Ecumenical Temple.
  2400 | Temple   | Entered the Ecumenical Temple
  2589 | Temple   | Became a worshipper of Uskayaw the Reveller
  2690 | D:4      | Reached * piety under Uskayaw
  2692 | D:4      | Reached ** piety under Uskayaw
  2695 | D:4      | Reached *** piety under Uskayaw
  2753 | D:4      | Noticed a lemure
  2767 | D:4      | Noticed Menkaure
  2780 | D:4      | Killed a lemure
  2782 | D:4      | Reached **** piety under Uskayaw
  2785 | D:4      | Reached ***** piety under Uskayaw
  2787 | D:4      | Killed Menkaure
  2788 | D:4      | Reached skill level 5 in Unarmed Combat
  2788 | D:4      | Reached skill level 1 in Invocations
  2788 | D:4      | Reached XP level 6. HP: 19/35 MP: 10/10
  3065 | D:4      | Noticed Pikel
  3090 | D:4      | Killed Pikel
  3091 | D:4      | Reached XP level 7. HP: 40/40 MP: 11/11
  3151 | D:4      | Learned a level 4 spell: Ice Form
  3261 | D:4      | Reached skill level 6 in Unarmed Combat
  3261 | D:4      | Reached XP level 8. HP: 44/44 MP: 12/12
  3572 | D:5      | Entered Level 5 of the Dungeon
  3787 | D:5      | Found a stormy altar of Qazlal.
  3789 | D:5      | Noticed a water elemental
  3789 | D:5      | Noticed an air elemental
  4278 | D:5      | Reached skill level 7 in Unarmed Combat
  4599 | D:5      | Reached skill level 5 in Transmutations
  4821 | D:6      | Reached XP level 9. HP: 28/48 MP: 13/13
  4927 | D:6      | Found a glowing drain.
  4935 | Sewer    | Entered a sewer
  5195 | Sewer    | Reached skill level 5 in Ice Magic
  5325 | D:6      | Reached skill level 5 in Invocations
  5684 | D:6      | Reached skill level 8 in Unarmed Combat
  5722 | D:6      | Found a burning altar of Makhleb.
  5834 | D:6      | Found a hazy altar of Hepliaklqana.
  5837 | D:6      | Found an iron altar of Okawaru.
  6248 | D:6      | Noticed a hornet
  6254 | D:6      | Killed a hornet
  6255 | D:6      | Reached XP level 10. HP: 50/53 MP: 10/15
  6314 | D:6      | Noticed Sigmund
  6319 | D:6      | Killed Sigmund
  6565 | D:7      | Found Gizeac's Jewellery Shoppe.
  6604 | D:7      | Found an ornate altar of the Wu Jian Council.
  6663 | D:7      | Got the Tome of Bewitchment
  6832 | D:7      | Found a shimmering altar of Xom.
  6964 | D:7      | Found a white marble altar of Elyvilon.
  7517 | D:8      | Reached skill level 9 in Unarmed Combat
  7681 | D:8      | Found a broken altar of Ashenzari.
  8215 | D:9      | You are sucked into a shaft and drop 2 floors!
  8244 | D:10     | Entered Level 10 of the Dungeon
  8575 | D:9      | Reached XP level 11. HP: 31/57 MP: 14/17
  8785 | D:9      | Found a staircase to the Lair.
  8844 | D:9      | Found a staircase to the Orcish Mines.
  8866 | D:9      | Reached skill level 10 in Unarmed Combat
  9258 | D:10     | Noticed Psyche
  9265 | D:10     | Killed Psyche
  9608 | D:10     | Noticed Snorg
  9625 | D:10     | Noticed a brown ugly thing
  9631 | D:10     | HP: 1/68 [Snorg (12)]
  9633 | D:10     | Demolished by Snorg

Illustrated notes

Levels and vault maps discovered:
D:1:      dpeg_arrival_arbitrary_a, layout_basic
D:2:      layout_basic, dk_noncrumbling_3
D:3:      layout_rooms
D:4:      layout_basic, minmay_temple_entry_wispy, serial_demonic,
          serial_demonic_g, serial_demonic_d, serial_demonic_a,
          serial_demonic_d, minmay_misc_feat_room, uniq_pikel, uniq_menkaure
D:5:      layout_gridville, nicolae_qazlal_style_of_elements,
          kennysheep_opposing_triangles
D:6:      layout_loops_corners, mainiacjoe_overflow_tiny_flanked,
          mainiacjoe_overflow_catwalk_spiral, portal_sewer_entry_e, minmay_bent,
          uniq_sigmund
D:7:      layout_loops_ring, lemuel_doored_altar, serial_shops, shop_statue,
          grunt_ministairs_9, hangedman_feature_mirror,
          kennysheep_generic_room_2
D:8:      layout_loops_cross, mainiacjoe_overflow_catwalk
D:9:      layout_gridville, lair_entry_dummy,
          kennysheep_orc_monster_closet_entryway, grunt_ministairs_13
D:10:     layout_loops_corners, uniq_erolcha, uniq_psyche, uniq_snorg
D:11:     layout_gridville
Temple:   eino_temple_scatter_basement

Skill      XL: |  1  2  3  4  5  6  7  8  9 10 11 |
---------------+----------------------------------+-----
Transmutations | 2 3 4 5 6 7 |  7.6
Fighting       | 2 |  2.0
Unarmed Combat | 4 5 6 7 8 9 10 | 10.2
Ice Magic      | 1 2 3 4 6 7 |  7.8
Invocations    | 1 2 3 4 5 7 |  7.5
Dodging        | |  2.1
Spellcasting   | |  2.0

Action                     |  1- 3 |  4- 6 |  7- 9 | 10-12 || total
---------------------------+-------+-------+-------+-------++-------
  Melee: Unarmed           |   114 |   153 |   245 |   180 ||   692
         Kick              |    27 |    28 |    31 |     7 ||    93
         Peck              |    17 |    13 |    22 |     2 ||    54
         Punch             |     1 |     5 |     4 |     1 ||    11
   Cast: Ice Form          |       |       |    12 |    20 ||    32
         Wereblood         |       |       |       |     2 ||     2
 Invoke: Line Pass         |       |       |     1 |     2 ||     3
  Evoke: Wand              |       |       |     4 |     4 ||     8
         Condenser vane    |       |       |       |     1 ||     1
    Use: Scroll            |       |     5 |     4 |     4 ||    13
         Potion            |       |     2 |       |     7 ||     9
   Stab: Sleeping          |     2 |     3 |     2 |       ||     7
         Paralysed         |       |     3 |    10 |    12 ||    25
         Confused          |       |       |     1 |       ||     1
 Armour: Robe              |    24 |    19 |    17 |     3 ||    63
         Skin              |       |    28 |    38 |    50 ||   116
  Dodge: Dodged            |    55 |    97 |   210 |   137 ||   499

Table legend: (Time is in decaauts)
 A = Elapsed time spent in this place.
 B = Non-inter-level travel time spent in this place.
 C = Inter-level travel time spent in this place.
 D = Time resting spent in this place.
 E = Time spent auto-exploring this place.
 F = Levels seen in this place.
 G = Mean time per level.
                   A        B        C        D        E       F      G
               +--------+--------+--------+--------+--------+-----+--------+
         Total |   9062 |   8620 |    442 |   2113 |   4536 |  13 |  697.1 |
       Dungeon |   8571 |   8156 |    415 |   2050 |   4305 |  11 |  779.2 |
        Temple |    179 |    152 |     27 |      0 |    136 |   1 |  179.0 |
         Sewer |    311 |    311 |      0 |     62 |     93 |   1 |  311.0 |
               +--------+--------+--------+--------+--------+-----+--------+

Top non-repeatable levels by time:
     D:5: 1236 daAuts
     D:6: 1143 daAuts
     D:4: 997 daAuts
     D:1: 933 daAuts
     D:9: 850 daAuts
     D:2: 831 daAuts
     D:7: 822 daAuts
     D:8: 706 daAuts
     D:3: 580 daAuts
    D:10: 443 daAuts
   Sewer: 311 daAuts
  Temple: 179 daAuts
    D:11: 26 daAuts
